 Dungeon Crawl Stone Soup version 0.31.0-12-g77e489cdc1 (webtiles) character file.

Game seed: 8059067032682823032

3881 Marvel the Cleaver (level 10, 0/90 HPs)
             Began as a Hill Orc Fighter on Mar 4, 2024.
             Was an Elder of Okawaru.
             Succumbed to a killer bee's poison
             ... on level 7 of the Dungeon.
             The game lasted 00:24:08 (8082 turns).

Marvel the Cleaver (Hill Orc Fighter)               Turns: 8082, Time: 00:24:09

Health: 0/90       AC: 14    Str: 24    XL:     10   Next: 19%
Magic:  2/10       EV:  7    Int:  8    God:    Okawaru [****..]
Gold:   422        SH:  5    Dex: 10    Spells: 9/9 levels left

rFire   + . .        a - +0 war axe
rCold   + . .        c - +0 buckler
rNeg    + . .        z - +0 plate armour
rPois   .            r - +0 helmet
rElec   .            y - scarf {rC+ rF+}
rCorr   .            (no gloves)
SInv    .            (no boots)
Will    ++...        p - amulet of guardian spirit Stlth
                     f - ring of positive energy
HPRegen 0.35/turn    m - ring of willpower
MPRegen 0.12/turn

%: guardian spirit
@: lethally poisoned (0 -> -9), attractive, enlightened, flying
A: no striking features
a: Renounce Religion, Heroism, Finesse


You were on level 7 of the Dungeon.
You worshipped Okawaru.
Okawaru was greatly pleased with you.
You visited 1 branch of the dungeon, and saw 8 of its levels.

You collected 512 gold pieces.
You spent 90 gold pieces at shops.

Inventory:

Hand Weapons
 a - a +0 war axe (weapon)
Missiles
 l - 23 poisoned darts (quivered)
 q - 6 darts of dispersal
Armour
 b - a +0 scale mail
 c - a +0 buckler (worn)
 h - a scarf of shadows
 r - a +0 helmet (worn)
 s - an orb of mayhem
 y - a scarf of resistance (worn)
 z - a +0 plate armour (worn)
 B - +0 steam dragon scales
 E - a +0 cloak
Jewellery
 e - an amulet of magic regeneration
 f - a ring of positive energy (left hand)
 m - a ring of willpower (right hand)
 p - an amulet of guardian spirit (around neck)
 D - a ring of protection from fire
 F - a ring of wizardry
Wands
 j - a wand of light (10)
 k - a wand of flame (13)
Scrolls
 g - 7 scrolls of identify
 o - a scroll of teleportation
 t - 2 scrolls of fog
 u - 3 scrolls of vulnerability {unknown}
 v - a scroll of torment {unknown}
 w - 2 scrolls of revelation {unknown}
 x - 2 scrolls of blinking {unknown}
 C - a scroll of amnesia {unknown}
Potions
 d - 4 potions of might
 i - a potion of enlightenment
 A - a potion of invisibility


   Skills:
 + Level 8.4 Fighting
 + Level 12.2 Axes
 + Level 2.0 Throwing
 + Level 7.8 Armour
 + Level 2.7 Dodging
 + Level 1.1 Stealth
 + Level 5.6 Shields
 + Level 0.4 Invocations


You had 9 spell levels left.
You didn't know any spells.
Your spell library contained the following spells:

 Spells                   Type           Power      Damage    Failure   Level
 Blink                    Tloc           0%         N/A       100%        2
 Lesser Beckoning         Tloc           0%         N/A       100%        2
 Mercury Vapours          Alch/Air       0%         N/A       100%        2
 Momentum Strike          Conj/Tloc      0%         3d8       100%        2
 Mephitic Cloud           Conj/Alch/Air  0%         N/A       100%        3
 Freezing Cloud           Conj/Ice/Air   0%         6-21      100%        5


Dungeon Overview and Level Annotations

Branches:
Dungeon (8/15)             Temple (0/1) D:6
   Lair: D:8-11

Altars:
Elyvilon
Okawaru
Xom
The Shining One

Shops:
D:3 ?

Annotations:
D:6 2 transporters, Computerfleisch's ghost, novice MiFi
D:8 Amaemon


Message History

You feel sick.
The killer bee attacks as it pursues you!
You block the killer bee's attack. The killer bee stings you.
* * * LOW HITPOINT WARNING * * *
The electric eel shoots out a bolt of lightning at you!
The bolt of electricity hits you.
* * * LOW HITPOINT WARNING * * *
You feel sick.
The killer bee attacks as it pursues you!
The killer bee barely misses you.
The killer bee stings you but does no damage.
You barely miss the killer bee.
The killer bee is severely wounded.
You feel sick. The killer bee stings you!
* * * LOW HITPOINT WARNING * * *
You are more poisoned.
The killer bee poisons you! The killer bee stings you.
* * * LOW HITPOINT WARNING * * *
It was a potion of attraction.
You feel attractive to monsters.
* * * LOW HITPOINT WARNING * * *
You feel sick.
The killer bee stings you but does no damage. x2
You feel very buoyant.
You fly up into the air.
* * * LOW HITPOINT WARNING * * *
You feel sick. The killer bee completely misses you. The killer bee stings you.
You are more poisoned.
The killer bee poisons you!
Okay, then.
Okay, then.
You miss the killer bee.
The killer bee is severely wounded.
* * * LOW HITPOINT WARNING * * *
You feel very sick. You block the killer bee's attack.
You slash the killer bee!
You kill the killer bee!
Okawaru accepts your kill.
You die...

#........P.~~...#.#.#
#.......##.♣♣.....#.#
#.......#####.#...#.#
####....# #.#.#.#.#
#....# #.#.#.#.# #....#
#.#.#.#.# #....###
#.#.# #.#
########....###.#.#.#.#
#....†@.........#...#.#
#)..........♣♣♣♣♣###...
#.........♣♣♣♣♣♣♣♣.>...
#.<>.....♣♣P~♣~~~~~....
#.......♣~~~~~P~~~♣~...
#.........~~.~~~~~~♣♣♣.
#.................P~~♣.
#....$.$...............
#...S~~S~...S..........


There were no monsters in sight!

Vanquished Creatures
  A troll (D:6)
  Grinder (D:6)
  Sigmund (D:3)
  A shadow (D:7)
  A wyvern (D:7)
  3 steam dragons (D:7)
  A water moccasin (D:6)
  An orc warrior (D:7)
  A black bear (D:5)
  3 sky beasts (D:7)
  2 ogres
  2 centaurs (D:7)
  A phantom (D:7)
  A kobold brigand (D:6)
  4 bullfrogs
  4 scorpions (D:5)
  6 wights
  2 killer bees
  A bombardier beetle (D:3)
  A hound (D:5)
  An orc priest (D:7)
  A jelly (D:7)
  4 iguanas
  2 sleepcaps (D:7)
  6 orc wizards
  6 gnolls
  8 adders
  A white imp (D:7)
  2 ufetubi (D:6)
  A dart slug (D:2)
  2 ribbon worms
  21 orcs
  2 bats
  6 endoplasms
  5 giant cockroaches
  3 goblins
  13 hobgoblins
  11 kobolds
  8 quokkas
  13 ball pythons
  2 frilled lizards
  8 rats
164 creatures vanquished.

Vanquished Creatures (collateral kills)
  An orc (D:4)
1 creature vanquished.

Vanquished Creatures (others)
  A sky beast (D:7)
  An orc (D:4)
2 creatures vanquished.

Grand Total: 167 creatures vanquished

Notes
Turn   | Place    | Note
-------+----------+-------------------------------------------
     0 | D:1      | Marvel the Hill Orc Fighter began the quest for the Orb.
     0 | D:1      | Reached XP level 1. HP: 19/19 MP: 1/1
   207 | D:1      | Reached XP level 2. HP: 26/27 MP: 2/2
   387 | D:1      | Reached skill level 3 in Axes
   556 | D:2      | Reached XP level 3. HP: 33/33 MP: 3/3
  1598 | D:3      | Reached XP level 4. HP: 35/40 MP: 4/4
  1606 | D:3      | Reached skill level 4 in Axes
  1820 | D:3      | Noticed Sigmund
  1827 | D:3      | Killed Sigmund
  1828 | D:3      | Reached skill level 5 in Axes
  1828 | D:3      | Reached XP level 5. HP: 37/47 MP: 3/5
  1828 | D:3      | Reached XP level 6. HP: 42/53 MP: 3/6
  1873 | D:3      | Found Ereosec's Magic Scroll Shop.
  1887 | D:3      | Bought a scroll of teleportation for 30 gold pieces
  1887 | D:3      | Bought a scroll of identify for 20 gold pieces
  1887 | D:3      | Bought a scroll of fog for 40 gold pieces
  2010 | D:3      | Found a white marble altar of Elyvilon.
  2016 | D:3      | Reached skill level 6 in Axes
  2188 | D:3      | Found a shimmering altar of Xom.
  2803 | D:4      | Reached skill level 1 in Dodging
  3056 | D:4      | Found an iron altar of Okawaru.
  3078 | D:4      | Became a worshipper of Warmaster Okawaru
  3550 | D:4      | Reached skill level 7 in Axes
  3550 | D:4      | Reached XP level 7. HP: 11/60 MP: 1/7
  3788 | D:5      | Entered Level 5 of the Dungeon
  3815 | D:5      | Reached skill level 5 in Armour
  3825 | D:5      | Found a glowing golden altar of the Shining One.
  3835 | D:5      | Reached skill level 5 in Fighting
  4043 | D:5      | Reached * piety under Okawaru
  4426 | D:5      | Reached skill level 8 in Axes
  4426 | D:5      | Reached XP level 8. HP: 69/69 MP: 8/8
  4815 | D:6      | Found a transporter.
  4951 | D:6      | Noticed a troll
  5077 | D:6      | Killed a troll
  5078 | D:6      | Reached skill level 9 in Axes
  5185 | D:6      | Reached ** piety under Okawaru
  5287 | D:6      | Noticed Computerfleisch's ghost (novice MiFi)
  5334 | D:6      | Noticed a hornet
  5335 | D:6      | Found a transporter.
  5419 | D:6      | Noticed Grinder
  5437 | D:6      | Paralysed by Grinder for 5 turns
  5449 | D:6      | Reached skill level 1 in Throwing
  5455 | D:6      | Killed Grinder
  5456 | D:6      | Reached skill level 10 in Axes
  5599 | D:6      | Reached XP level 9. HP: 30/78 MP: 4/9
  5802 | D:6      | Found a staircase to the Ecumenical Temple.
  6190 | D:7      | HP: 3/79 [electric eel/bolt of electricity (11)]
  6539 | D:7      | Reached *** piety under Okawaru
  6540 | D:7      | Reached skill level 1 in Stealth
  6880 | D:7      | Reached skill level 11 in Axes
  7312 | D:7      | Reached skill level 5 in Shields
  7402 | D:7      | Reached **** piety under Okawaru
  7489 | D:7      | Reached XP level 10. HP: 41/88 MP: 6/10
  7807 | D:7      | Reached skill level 12 in Axes
  8064 | D:8      | Noticed Amaemon
  8081 | D:7      | HP: 2/90 [poisoned by a killer bee]
  8082 | D:7      | Succumbed to a killer bee's poison

Illustrated notes

Levels and vault maps discovered:
D:1:      mainiacjoe_arrival_reflecting_pool, layout_basic
D:2:      layout_basic
D:3:      kb_forest_paths, layout_basic, grunt_temple_overflow_open,
          serial_shops, nicolae_diamond_shop, minmay_three_crescents,
          uniq_sigmund
D:4:      layout_basic, okawaru_metal_pillars_3, serial_corexii_hall,
          corexii_hall_statues_i, corexii_hall_statues_s,
          corexii_hall_statues_l, corexii_hall_statues_l,
          corexii_hall_statues_i, corexii_hall_statues_x,
          hangedman_abyss_or_decor_stagger
D:5:      layout_rooms, mainiacjoe_overflow_surrounded_room,
          uniq_crazy_yiuf_cottage
D:6:      layout_rooms, minmay_temple_entry_nine_rooms, gammafunk_ghost_hive,
          uniq_grinder
D:7:      layout_basic, serial_bayou, serial_bayou_pond_b, serial_bayou_pond_b,
          serial_bayou_ford_a, serial_bayou_lagoon_a, hangedman_misty_isle
D:8:      layout_gridville, grunt_temple_overflow_cloverleaf,
          nicolae_eternal_life, grunt_decor_junction, uniq_amaemon

Skill      XL: |  1  2  3  4  5  6  7  8  9 10 |
---------------+-------------------------------+-----
Fighting       | 4 5 6 7 8 |  8.4
Axes           | 3 5 7 8 10 11 12 | 12.2
Armour         | 4 5 6 7 |  7.8
Dodging        | 1 2 |  2.7
Shields        | 4 5 |  5.6
Throwing       | 1 2 |  2.0
Stealth        | 1 |  1.1
Invocations    | |  0.4

Action                     |  1- 3 |  4- 6 |  7- 9 | 10-12 || total
---------------------------+-------+-------+-------+-------++-------
  Melee: War axe           |   143 |   104 |   295 |    54 ||   596
  Throw: Dart              |       |       |    26 |     2 ||    28
 Invoke: Heroism           |       |       |     2 |       ||     2
    Use: Potion            |       |     1 |     6 |     2 ||     9
         Scroll            |       |       |     1 |     1 ||     2
 Armour: Scale mail        |    89 |    75 |   218 |       ||   382
         Plate armour      |       |       |    73 |    60 ||   133
  Dodge: Dodged            |    71 |    40 |   165 |    21 ||   297
  Block: Buckler           |    35 |     6 |    76 |    17 ||   134
